Cogmind - Beta 10.2 @@@ ROGUE MODE // 2020.12.24 @ 11:45:47 Player: Allaark Result: Destroyed by as-57768 with Assembled Heavy Rifle Performance ------------- Evolutions (0) 0 Regions Visited (2) 400 Robots Destroyed (19) 95 Value Destroyed (329) 329 Prototype IDs (0) 0 Alien Tech Used (0) 0 Bonus (0) 0 TOTAL SCORE: 824 Bonus ------- None Cogmind --------- Core Integrity 0/250 Matter 83/300 Energy 100/100 System Corruption 0% Temperature Cool (0) Movement Core (100) Ox1 Location -10/Mines Parts ------- > --- POWER (1) -------- (None) > --- PROPULSION (2) --- (None) > --- UTILITY (2) ------ (None) > --- WEAPON (2) ------- Light Cannon Makeshift Hammer > --- INVENTORY (4) ---- Light Ion Engine Assault Rifle Assault Rifle Mining Laser Peak State ------------ > --- POWER ------------ Light Ion Engine > --- PROPULSION ------- Wheel Wheel > --- UTILITY ---------- Terrain Scanner Seismic Analyzer > --- WEAPON ----------- Light Cannon Makeshift Hammer > --- INVENTORY -------- Light Ion Engine Assault Rifle Assault Rifle Mining Laser [Rating: 10] Favorites ----------- Power Light Ion Engine Engine Light Ion Engine Power Core Light Nuclear Core Propulsion Wheel Wheel Wheel Utility Seismic Analyzer Device Terrain Scanner Processor Seismic Analyzer Weapon Assault Rifle Ballistic Gun Assault Rifle Ballistic Cannon Light Cannon Launcher Grenade Launcher Special Weapon Mining Laser Impact Weapon Makeshift Hammer Build | -11 -10 -10 ------- Run | Scr Mat Min Slots Evolved . | . . . Power . | . . . Propulsion . | . . . Utility . | . . . Weapon . | . . . Parts Attached 20 | 8 11 1 Power 3 | 1 2 . Engine 2 | 1 1 . Core 1 | . 1 . Reactor . | . . . Propulsion 5 | 3 2 . Treads . | . . . Leg . | . . . Wheel 5 | 3 2 . Hover . | . . . Flight . | . . . Utility 2 | 1 1 . Device 1 | . 1 . Storage . | . . . Processor 1 | 1 . . Hackware . | . . . Protection . | . . . Artifact . | . . . Weapon 10 | 3 6 1 Energy Gun . | . . . Energy Cannon . | . . . Ballistic Gun 5 | 2 3 . Ballistic Cannon 1 | . 1 . Launcher 1 | . 1 . Special Weapon 2 | 1 1 . Impact Weapon 1 | . . 1 Slashing Weapon . | . . . Piercing Weapon . | . . . Special Melee Weapon . | . . . Unidentified Prototypes . | . . . Parts Lost 7 | . 2 5 Power 2 | . 1 1 Propulsion 2 | . . 2 Utility 2 | . . 2 Weapon 1 | . 1 . Highest Loss Streak 5 | . 1 5 Average Slot Usage (%) 92 | . 93 92 Engine 9 | . 8 12 Core 2 | . 4 . Wheel 27 | . 28 25 Device 10 | . 9 12 Processor 13 | . 14 12 Ballistic Gun 13 | . 14 10 Ballistic Cannon 5 | . . 14 Launcher 7 | . 10 . Special Weapon 1 | . 1 . Impact Weapon 1 | . . 3 Naked Turns . | . . . Heaviest Build 11 | 7 11 10 Greatest Support 26 | 20 26 20 Greatest Overweight (x) 1 | . . 1 Average Overweight (x) . | . . . Largest Inventory Capacity 4 | 4 4 4 Average Capacity 4 | 4 4 4 Most Carried 4 | 2 4 4 Average Carried 2 | . 3 3 Final Capacity 4 | 4 4 4 Final Carried 4 | 2 3 4 Class Distribution -------------------- 57% | Mutant 42% | Scavenger-Mutant Dominant Class ---------------- Mutant | -10/Materials Scavenger-Mutant | -10/Mines Resources | -11 -10 -10 ----------- Run | Scr Mat Min Matter Collected 519 | 321 188 10 Remotely . | . . . Salvage Created 429 | 93 288 48 Parts 34 | 9 25 . Haulers Intercepted . | . . . Recyclers Shooed 3 | . 3 . Parts Field Recycled . | . . . Retrieved Matter . | . . . Parts Self-Destructed . | . . . Prevented . | . . . Kills | -11 -10 -10 ------- Run | Scr Mat Min Combat Hostiles Destroyed 13 | 1 9 3 Melee 2 | . . 2 Guns 4 | 1 3 . AOE 6 | . 6 . Classes Destroyed 8 | 2 5 1 Builder 1 | . 1 . Tunneler 3 | 3 . . Recycler 2 | . 2 . Operator 1 | . 1 . Watcher 2 | . 2 . Swarmer 5 | . 5 . Grunt 5 | 1 4 . Assembled 3 | . . 3 Best Kill Streak 5 | 4 5 2 Combat Bots Only 2 | 1 2 2 Max Kills in Single Turn 2 | 1 2 1 Gunslinging . | . . . Exploded 1 | . 1 . Melee 1 | . . 1 Uniques/NPCs Destroyed . | . . . Combat | -11 -10 -10 -------- Run | Scr Mat Min Damage Taken 830 | 47 376 407 Core 252 | 24 107 121 Absorbed by Shields . | . . . Core Remaining (%) 90 | 90 . . Volleys Fired 52 | 16 32 4 Largest 2 | 2 2 1 Hottest 120 | 120 100 35 Shots Fired 83 | 25 54 4 Gun 45 | 17 28 . Cannon 4 | . . 4 Launcher 22 | . 22 . Special 12 | 8 4 . Kinetic 49 | 17 28 4 Thermal 12 | 8 4 . Explosive 22 | . 22 . Electromagnetic . | . . . Robot Hit Streak 8 | 2 8 4 Robot Miss Streak 5 | 3 5 . Penetration Max . | . . . Secondary Targets . | . . . Shots Hit Robots 30 | 6 13 11 Core Hits 31 | 5 22 4 Critical Hits . | . . . Critical Kills . | . . . Critical Parts Destroyed . | . . . Melee Attacks 18 | . . 18 Impact 18 | . . 18 Slashing . | . . . Piercing . | . . . Sneak Attacks . | . . . Combat Hostiles . | . . . Follow-up Attacks . | . . . Damage Inflicted 1473 | 109 1047 317 Guns 258 | 109 149 . Cannons 64 | . . 64 Explosions 898 | . 898 . Melee 253 | . . 253 Ramming . | . . . Kinetic 322 | 109 149 64 Thermal . | . . . Explosive 898 | . 898 . Electromagnetic . | . . . Impact 253 | . . 253 Slashing . | . . . Piercing . | . . . Highest Corruption . | . . . Average Corruption . | . . . Corruption Purged . | . . . Overload Shots . | . . . Overflow Damage 97 | . 28 69 Projectiles . | . . . Explosions 28 | . 28 . Melee 69 | . . 69 Knockbacks . | . . . Impact . | . . . Kinetic . | . . . Secondary . | . . . Self-Inflicted Damage 184 | . 184 . Shots 10 | . 10 . Rammed . | . . . Targets Rammed . | . . . Kicked . | . . . Crushed . | . . . Highest Temperature 80 | 80 38 12 Average Temperature 23 | 34 11 6 Received Heat Transfer 112 | 24 48 40 Siege Activations . | . . . Robots Corrupted . | . . . Combat Hostiles . | . . . Parts Fried . | . . . Impact Corruptions 2 | . . 2 Robots Melted . | . . . Combat Hostiles . | . . . Parts Melted . | . . . Heat Transferred . | . . . Parts Sabotaged . | . . . Parts Stolen . | . . . Parts Stripped . | . . . Power Chain Reactions . | . . . Missiles Intercepted . | . . . Alert | -11 -10 -10 ------- Run | Scr Mat Min Peak Influence 254 | 35 254 32 Initial 32 | . 22 32 Average 80 | 20 129 27 Maximum Alert Level 1 | . 1 . Low Security (%) 84 | 100 70 100 Level 1 15 | . 29 . Level 2 . | . . . Level 3 . | . . . Level 4 . | . . . Level 5 . | . . . High Security . | . . . Max Security . | . . . Squads Dispatched . | . . . Investigation . | . . . Extermination . | . . . Reinforcement . | . . . Assault . | . . . Garrison . | . . . Intercept . | . . . Construction Impeded . | . . . Haulers Reinforced . | . . . Stealth | -11 -10 -10 --------- Run | Scr Mat Min Distress Signals 1 | . 1 . Communications Jammed . | . . . Distress Signals . | . . . Times Spotted 27 | 1 13 13 Peak Tracking Total 13 | 1 3 13 Tactical Retreats 2 | . . 2 Traps | -11 -10 -10 ------- Run | Scr Mat Min Traps Triggered 1 | . 1 . Indirectly . | . . . Trap Hack Attempts . | . . . Triggered . | . . . Disarmed . | . . . Reprogrammed . | . . . Reused . | . . . Traps Extracted . | . . . Installed . | . . . Triggered . | . . . Machines | -11 -10 -10 ---------- Run | Scr Mat Min Machines Disabled 1 | . 1 . Max in Single Turn 1 | . 1 . Machines Sabotaged . | . . . Garrisons Compromised . | . . . Overloaded Fab Kills . | . . . Fab Network Shutdowns . | . . . Hacking | -11 -10 -10 --------- Run | Scr Mat Min Machines Accessed 5 | . 5 . Terminals 3 | . 3 . Fabricators . | . . . Repair Stations . | . . . Recycling Units 2 | . 2 . Scanalyzers . | . . . Garrison Access . | . . . Total Hacks 16 | . 16 . Successful 14 | . 14 . Failed 2 | . 2 . Catastrophic 2 | . 2 . Database Lockouts . | . . . Manual . | . . . Terminals 12 | . 12 . Fabricators . | . . . Repair Stations . | . . . Recycling Units 4 | . 4 . Scanalyzers . | . . . Garrison Access . | . . . Terminal Hacks 10 | . 10 . Record 4 | . 4 . Emergency Access Points 1 | . 1 . Dispatch Records 2 | . 2 . Reinforcement Status 1 | . 1 . Zone Layout 2 | . 2 . Fabricator Hacks . | . . . Repair Station Hacks . | . . . Recycling Unit Hacks 4 | . 4 . Recycle Component 1 | . 1 . Process 1 | . 1 . Report Inventory 2 | . 2 . Scanalyzer . | . . . Garrison Access Hacks . | . . . Unauthorized Hacks . | . . . Terminals . | . . . Fabricators . | . . . Repair Stations . | . . . Recycling Units . | . . . Scanalyzers . | . . . Garrison Access . | . . . Data Cores Recovered . | . . . Used . | . . . Hacking Detections 5 | . 5 . Full Trace Events . | . . . Feedback Events . | . . . Feedback Blocked . | . . . Robot Schematics Acquired . | . . . Robots Built . | . . . Matter . | . . . Time . | . . . Total Robot Build Rating . | . . . Part Schematics Acquired . | . . . Parts Built . | . . . Matter . | . . . Time . | . . . Total Part Build Rating . | . . . Parts Repaired . | . . . Time . | . . . Parts Recycled 1 | . 1 . Recycled Matter 15 | . 15 . Retrieved Matter . | . . . Retrieved Components . | . . . Parts Scanalyzed . | . . . Part Schematics Acquired . | . . . Parts Damaged . | . . . Bothacking | -11 -10 -10 ------------ Run | Scr Mat Min Used RIF Installer . | . . . Robots Hacked . | . . . Non-combat . | . . . Combat . | . . . Robot Hacks Applied . | . . . Relay Couplers Released . | . . . Robots Rewired . | . . . Allies Hacked . | . . . Hacks Repelled . | . . . Allies | -11 -10 -10 -------- Run | Scr Mat Min Total Allies . | . . . Largest Group . | . . . Highest-Rated Group . | . . . Highest-Rated Ally . | . . . Total Orders . | . . . Ally Attacks . | . . . Total Damage . | . . . Kills . | . . . Allies Corrupted . | . . . Allies Melted . | . . . Intel | -11 -10 -10 ------- Run | Scr Mat Min Robot Analysis Total . | . . . Derelict Logs Recovered . | . . . Drone Launches . | . . . Drone Recoveries . | . . . Exploration | -11 -10 -10 ------------- Run | Scr Mat Min Turns Passed 807 | 152 433 222 Spaces Moved 631 | 104 312 215 Core 20 | 19 . 1 Treads . | . . . Legs . | . . . Wheels 611 | 85 312 214 Hover . | . . . Flight . | . . . Fastest Speed 50 | 50 80 80 Average Speed 79 | 74 81 80 Slowest Speed 100 | 80 90 100 Overloaded Moves . | . . . Propulsion Burnouts . | . . . Robots Hopped . | . . . Cave-ins Triggered . | . . . Exploration Rate (%) 35 | 7 50 49 Regions Visited 2 Branch Regions 1 Pre-discovered Areas . | . . . Known Exits Taken . | . . . Unknown Exits Taken 2 | 1 1 . Scrap Searched . | . . . Spaces Dug 4 | . 4 . Terrain Destroyed 128 | 1 127 . Melee . | . . . Projectile 5 | 1 4 . AOE 123 | . 123 . Terrain Rammed . | . . . Walls Destroyed . | . . . Machines Disabled . | . . . Actions | -11 -10 -10 --------- Run | Scr Mat Min Total 804 | 136 426 242 Wait 65 | 1 61 3 Move 629 | 103 311 215 Hop . | . . . Pick Up 17 | 8 8 1 Fast Attach . | . . . Attach 10 | 6 4 . Detach . | . . . Swap 10 | 2 7 1 Drop 3 | . 3 . Fire 52 | 16 32 4 Melee 18 | . . 18 Ram . | . . . Kick . | . . . Crush . | . . . Escape Stasis . | . . . Rewire . | . . . Trap . | . . . Miscellaneous . | . . . Route ------- -11/Scrapyard -10/Materials -10/Mines History --------- Turn | Location | Event 2 | -11/Scrapyard | Met Revision 17 51 | -11/Scrapyard | Discovered new exit (range 8) 153 | -11/Scrapyard | Entered Materials 307 | -10/Materials | Build established: Mutant 317 | -10/Materials | Discovered new exit (range 16) 558 | -10/Materials | Core integrity fell below 50% 586 | -10/Materials | Entered Mines 737 | -10/Mines | Assembled infested the area 742 | -10/Mines | A weapon hastily lodged in a ceiling crevice suddenly fell to the ground 789 | -10/Mines | Core integrity fell below 20% 808 | -10/Mines | Destroyed by as-57768 with Assembled Heavy Rifle Last Messages --------------- K-01 Serf cleans the Core Extractor. K-01 Serf collects debris. ALERT: Infestation in the mines, dispatching Demolisher response squad. A Mak. Hammer has been hastily shoved under some rubble with a note attached: "Who needs nails when you have Unaware?" Acquired Mak. Hammer. as-68216 destroyed. Terrain Scanner destroyed. Seismic Analyzer destroyed. Destroyed Asb. Hover Unit. as-88387 system corrupted by crushing effect. as-88387 system terminally corrupted. Wheel destroyed. Lgt. Ion Engine destroyed. Wheel destroyed. Destroyed Asb. Blade. as-35755 system corrupted by crushing effect. as-90154 destroyed. T-07 Excavator destroyed. Acquired 10 matter. Map ----- +----------------------------------------------------+ | ???????####??## #???## #??? | | ?#????## #?## ##???# ######## """ #?? | | ?????## ## ##??# ###????# """ #?# | | ?#???# ##?# ##?#?#?# """ ### | | ?????# #?# ##???############ | | ??#??# ## ### ##??## ##?#?# | | #??#?#### #### ##?# ##### ##??? | | ????????## ##??####??# #??# ##??# | | ????????### ########?# #??# #### | | ????#?#??## #??#?# #??# ## | | ??????#??# ####### ##?## | | ??????##?# ###?# ##?### | | ???#?????# ##### #####???### | | #???????## ## ####??#???# | | ????????### ## ########### ## | | ??????????## ## #### | | ?????????#### ## ##?## | | ?????????#### ################# #?### | | ????????????# ###??##?#?####?## #??## | | ????????#??## t ##???#######???# #??# | | ??????????#?## #####????????? #??# | | ???????##?#?#### ###??#??#? ##??# | | ?????????????#?## ####?#?#?########??# # | | ?????????##????### ##????????#???#???# # | | ??????????#???##?# |* ####### #???????# ## | | ????????#??????#?## !@= #??##???# #? | | ??????????????###?### ! ######?#??#????# ## | | ??????#???##??????#?###a#####?????????#?## ##? | | ????????#????????#?#??#a#??##????????????####?? | | ?????????????#??#????## ##?##???#?????????????? | | ???????? ???#????###### #?????????????????????? | | ???????????####?## % #???????????#?????????? | | ?????????????#?#?# ######?#? ??#??????????????? | | ???????????##??### ##?????#? ????????????????? | | ????? ?????#?# #? #???????????????????????? | | ?????? ??#????##%####?#?##? ????#????????????? | | ?????????#???### ##### ### #???????????????? | | ????? ??????## ???????????????? | | ???#?? ?? ?## #????????????????? | | ????????????# ## ## ! #????#????????????? | | ????????????# #? #??? ! #?????????????????? | | ?????? ??#### #??#??#???? ?????????????????? | | ????? ?????# ??????#?????????????????????? | | ?????????? ###??#?#? ??????????????????? | | ????????? ###??#???#??????????????????????? | | ??????? ## ???#?#??????????????????????????? | | ??????####?# ??????? ???#????????????????????? | | ????????#??# #?#?#???????????????????????????? | | ??????#??#?# ? ?? ?????#?????????????????????? | | ??????????? ?????????????????????????????????? | +----------------------------------------------------+ Best States ------------- Heat Dissipation 25 Energy Generation 14 Energy Capacity 160 Matter Stores 300 Matter Capacity 300 Sight Range 16 Terrain Scan Range 14 Terrain Scan Density 60 Evasion (%) 50 Item Schematics ----------------- None Robot Schematics ------------------ None Fabricated ------------ Nothing Alien Tech Used ----------------- None Achievements -------------- Storm Trooper Challenges ------------ None Game ------ Seed ForceNuclearScanner Manual? 0 Play Time 00:29:50 Cumulative 1.9 hours Start 2020.12.23 @ 22:58:23 End 2020.12.24 @ 11:45:47 Sessions 3 Manual Loads 0 Difficulty Rogue Special Mode None Game No. 3 Rogue 3 Adventurer 0 Explorer 0 Win Type - Total 0 Types 0/0/0/0/0/0/0/0/0 Lore% 1 Gallery% 3 Achievement% 2 Wizard Run 0 Options --------- ASCII 0 Keyboard 0 Movement Numpad Keybinds 0 Fullscreen 2 Font 12/CogTall Map View 83x54 Tactical HUD 0 Map Filters NONE Filters NONE Steam 0 RUN: e7c50ad7-0450-460c-af3e-c8f950be567e